 Dungeon Crawl Stone Soup version 0.16-a0-3197-g5046a99 (webtiles) character file.

356 Chiseanne the Magician (level 6, 0/45 HPs)
             Began as a Demonspawn Transmuter on Dec 18, 2014.
             Was a Follower of Qazlal.
             Slain by an orc
             ... wielding a +6 mace of protection
              (6 damage)
             ... on level 5 of the Dungeon.
             The game lasted 00:11:45 (4791 turns).

Chiseanne the Magician (Demonspawn Transmuter)      Turns: 4791, Time: 00:11:45

Health: 0/45       AC:  8    Str: 12    XL:     6   Next: 36%
Magic:  14/15      EV: 13    Int: 14    God:    Qazlal [*.....]
Gold:   225        SH:  2    Dex: 14    Spells: 4 memorised, 5 levels left

rFire  . . .     SeeInvis .       - Unarmed
rCold  . . .     Clarity  .     c - +2 leather armour {MR+}
rNeg   . . .     SustAb   .     (no shield)
rPois  .         Gourm    +     (helmet restricted)
rElec  .         Spirit   .     f - +0 cloak
rCorr  .         Warding  .     (no gloves)
rMut   .         Stasis   .     n - +0 pair of boots
MR     +....                    r - amulet of the gourmand
Stlth  +.........               u - +2 ring of slaying
                                s - ring of flight

@: appendage, repel missiles, somewhat resistant to hostile enchantments, very
unstealthy
A: claws 2, horns 2, rugged brown scales 1
a: End Transformation, Renounce Religion, Evoke Flight


You were on level 5 of the Dungeon.
You worshipped Qazlal.
Qazlal was aware of your devotion.
You were near starving.
You had grown temporary horns.
You visited 1 branch of the dungeon, and saw 5 of its levels.

You collected 225 gold pieces.

Inventory:

Hand weapons
 w - a +0 blowgun
Missiles
 b - 84 arrows
 e - 5 curare-tipped needles
Armour
 c - a +2 leather armour of magic resistance (worn)
 f - a +0 cloak (worn)
 n - a +0 pair of boots (worn)
Jewellery
 r - an amulet of the gourmand (around neck)
 s - a ring of flight (left claw)
 u - a +2 ring of slaying (right claw)
Scrolls
 o - a scroll of fear
Potions
 g - a potion of magic
 h - a potion of cure mutation
 j - a potion of restore abilities
 k - a potion of agility {unknown}
 l - a potion of poison {unknown}
 p - 2 potions of resistance
 q - 2 potions of lignification
 t - a potion of curing
 z - a potion of brilliance
Books
 d - a book of Changes

   Spells                             Type                      Level
   a - Beastly Appendage              Transmutation                1
   b - Sticks to Snakes               Transmutation                2
   c - Spider Form                    Transmutation/Poison         3
   d - Ice Form                       Ice/Transmutation            4
   e - Blade Hands                    Transmutation                5
 i - a book of Minor Magic

   Spells                             Type                      Level
   a - Magic Dart                     Conjuration                  1
   b - Blink                          Translocation                2
   c - Call Imp                       Summoning                    2
   d - Repel Missiles                 Charms/Air                   2
   e - Slow                           Hexes                        2
   f - Conjure Flame                  Conjuration/Fire             3
   g - Mephitic Cloud                 Conjuration/Poison/Air       3
Comestibles
 a - 2 bread rations
 m - a meat ration


   Skills:
 * Level 2.2 Fighting
 * Level 3.2 Dodging
 - Level 2.6 Unarmed Combat
 * Level 4.3 Spellcasting
 * Level 3.3 Transmutations


You had 5 spell levels left.
You knew the following spells:

 Your Spells              Type           Power        Failure   Level  Hunger
a - Beastly Appendage     Trmt           ##....       6%          1    None
b - Spider Form           Trmt/Pois      #.........   30%         3    ###....
c - Blink                 Tloc           N/A          30%         2    ##.....
d - Repel Missiles        Chrm/Air       #.....       30%         2    ##.....


Dungeon Overview and Level Annotations

Branches:
Dungeon (5/15)             Temple (0/1) D:4

Altars:
Nemelex Xobeh
Qazlal
Trog
The Shining One


Innate Abilities, Weirdness & Mutations

You have very sharp fingernails.
You are partially covered in rugged brown scales (AC +1, +3% HP).
You have a pair of horns on your head.


Message History

The orc is severely wounded.
You are near starving!
The orc misses you.
You scratch the orc.
The orc is severely wounded.
Casting: Beastly Appendage
Confirm with . or Enter, or press ? or * to list all spells.
You grow a pair of large bovine horns.
The orc misses you.
The orc priest mumbles some strange prayers to Beogh against you.
Something smites you!
* * * LOW HITPOINT WARNING * * *
The hound pauses to sniff the ground.
The hound barely misses you.
The orc hits you with a mace of protection.
* * * LOW HITPOINT WARNING * * *
Drink which item? (? for menu, Esc to quit)
You feel better. The hound bites you.
* * * LOW HITPOINT WARNING * * *
The orc hits you with a mace of protection.
You die...

### ###.## #oho.#
#########.#@##
...........###
##......##### ####
....####....o#####..##
####...chor...##
######oo....# #......#
#......# #o.....#


You could see a hound, an orc priest and an orc (bleeding).

Vanquished Creatures
  Sigmund (D:3)
  A goliath beetle (D:3)
  An orc wizard (D:5)
  A worker ant (D:4)
  6 adders
  4 gnolls (D:4)
  A giant mite (D:2)
  5 worms
  3 oozes
  An orc (D:4)
  3 ball pythons
  11 bats
  A bat skeleton (D:4)
  A giant cockroach (D:2)
  6 goblins
  6 hobgoblins
  3 jackals (D:4)
  6 kobolds
  2 quokkas
  A giant gecko skeleton (D:4)
  4 giant newts
  10 rats
78 creatures vanquished.

Notes
Turn   | Place    | Note
--------------------------------------------------------------
     0 | D:1      | Chiseanne, the Demonspawn Transmuter, began the quest for the Orb.
     0 | D:1      | Reached XP level 1. HP: 15/15 MP: 3/3
   383 | D:1      | Gained mutation: You have sharp fingernails. [demonic ancestry]
   383 | D:1      | Reached XP level 2. HP: 19/21 MP: 3/5
   888 | D:2      | Gained mutation: You have very sharp fingernails. [demonic ancestry]
   888 | D:2      | Reached XP level 3. HP: 6/26 MP: 6/6
  1287 | D:2      | Found a sparkling altar of Nemelex Xobeh.
  1326 | D:2      | Learned a level 3 spell: Spider Form
  2151 | D:2      | Reached skill level 3 in Spellcasting
  2232 | D:2      | Found a stormy altar of Qazlal.
  2239 | D:2      | Gained mutation: You are partially covered in rugged brown scales (AC +1, +3% HP). [demonic ancestry]
  2239 | D:2      | Reached XP level 4. HP: 24/32 MP: 6/9
  2245 | D:2      | Became a worshipper of Qazlal Stormbringer
  3228 | D:3      | Noticed Sigmund
  3252 | D:3      | Reached XP level 5. HP: 20/39 MP: 9/11
  3445 | D:3      | Killed Sigmund
  3729 | D:4      | Found a staircase to the Ecumenical Temple.
  3945 | D:4      | Found a bloodstained altar of Trog.
  3953 | D:4      | Acquired Qazlal's first power
  4058 | D:4      | Reached skill level 4 in Spellcasting
  4058 | D:4      | Reached XP level 6. HP: 35/45 MP: 13/15
  4169 | D:4      | Learned a level 2 spell: Blink
  4172 | D:4      | Learned a level 2 spell: Repel Missiles
  4393 | D:4      | Found a glowing golden altar of the Shining One.
  4594 | D:5      | Entered Level 5 of the Dungeon
  4774 | D:5      | HP: 2/45 [orc priest/divine providence (12)]
  4790 | D:5      | HP: 1/45 [orc/mace of protection (6)]
  4791 | D:5      | Slain by an orc

Action                   |  1- 3 |  4- 6 || total
-------------------------+-------+-------++-------
Melee: Unarmed           |   107 |   162 ||   269
 Fire: Blowgun           |       |     6 ||     6
 Cast: Beastly Appendage |    30 |    36 ||    66
       Repel Missiles    |       |     1 ||     1
  Use: Scroll            |     6 |     4 ||    10
       Potion            |     4 |     5 ||     9
  Eat: Chunk             |     2 |     6 ||     8
       Royal jelly       |     1 |       ||     1
       Beef jerky        |       |     1 ||     1
